 Seeded DCSS version 0.30-a0-393-g54b8e3be05 (webtiles) character file.

Game seed: 12062022 (custom seed)

868 McGhostyFace the Magician (level 8, -2/63 HPs)
             Began as a Gnoll Wanderer on Dec 6, 2022.
             Slain by a kobold brigand
             ... wielding a +2 whip of electrocution
              (13 damage)
             ... on level 5 of the Dungeon.
             The game lasted 00:09:20 (5394 turns).

McGhostyFace the Magician (Gnoll Wanderer)          Turns: 5394, Time: 00:09:20

Health: -2/63      AC:  4    Str: 17    XL:     8   Next: 3%
Magic:  8/16       EV: 12    Int: 15    God:
Gold:   146        SH:  0    Dex: 11    Spells: 10/18 levels left

rFire   . . .      SeeInvis .    A - +2 flail (holy)
rCold   . . .      Faith    .    (no shield)
rNeg    . . .      Spirit   .    k - +0 leather armour
rPois   .          Reflect  .    o - +0 helmet
rElec   .          Harm     .    (no cloak)
rCorr   .          Rampage  .    (no gloves)
Will    .....                    (no boots)
Stlth   ++........               (no amulet)
HPRegen 0.30/turn                s - +6 ring of strength
MPRegen 0.15/turn                (no ring)

@: lethally poisoned (-2 -> -5), slowed, very slow
A: fangs 1, strong nose, distributed training
a: no special abilities


You were on level 5 of the Dungeon.
You visited 2 branches of the dungeon, and saw 6 of its levels.

You collected 146 gold pieces.

Inventory:

Hand Weapons
 a - a +0 club
 i - a +0 spear
 p - a +0 flail
 u - a +2 vorpal hand axe
 A - a +2 flail of holy wrath (weapon)
Armour
 k - a +0 leather armour (worn)
 o - a +0 helmet (worn)
Jewellery
 s - a +6 ring of strength (left hand)
Wands
 y - a wand of mindburst (10)
Scrolls
 f - 3 scrolls of blinking {unknown}
 g - a scroll of poison {unknown}
 h - 2 scrolls of butterflies {unknown}
 l - 6 scrolls of identify {unknown}
 m - 5 scrolls of teleportation {unknown}
 n - a scroll of fear {unknown}
 q - a scroll of vulnerability {unknown}
 x - a scroll of enchant weapon {unknown}
 z - a scroll of brand weapon {unknown}
 B - a scroll of torment {unknown}
 D - a scroll of silence {unknown}
Potions
 b - a potion of heal wounds
 c - 2 potions of brilliance {unknown}
 d - a potion of lignification
 e - 7 potions of curing {unknown}
 j - 2 potions of degeneration {unknown}
 r - a potion of magic {unknown}
 t - 2 potions of flight {unknown}
 v - a potion of might {unknown}
 w - a potion of resistance {unknown}
 C - a potion of ambrosia {unknown}


   Skills:
 + Level 5.5 Fighting
 + Level 3.0 Short Blades
 + Level 3.0 Long Blades
 + Level 3.0 Axes
 + Level 3.0 Maces & Flails
 + Level 3.0 Polearms
 + Level 3.0 Staves
 + Level 3.0 Ranged Weapons
 + Level 3.0 Throwing
 + Level 3.0 Armour
 + Level 4.0 Dodging
 + Level 3.0 Stealth
 + Level 3.0 Shields
 + Level 3.0 Unarmed Combat
 + Level 5.9 Spellcasting
 + Level 2.4 Conjurations
 + Level 2.4 Hexes
 + Level 2.4 Summonings
 + Level 2.4 Necromancy
 + Level 2.4 Translocations
 + Level 2.4 Transmutations
 + Level 2.4 Fire Magic
 + Level 3.3 Ice Magic
 + Level 2.4 Air Magic
 + Level 2.4 Earth Magic
 + Level 4.5 Poison Magic
 + Level 4.2 Invocations
 + Level 4.0 Evocations


You had 10 spell levels left.
You knew the following spells:

 Your Spells              Type           Power      Damage    Failure   Level
a - Sting                 Tmut/Pois      56%        1d5       4%          1
b - Olgreb's Toxic Radia  Pois           18%        N/A       26%         4
c - Stone Arrow           Conj/Erth      22%        3d8       19%         3

Your spell library contained the following spells:

 Spells                   Type           Power      Damage    Failure   Level
 Freeze                   Ice            56%        1d7       4%          1
 Sandblast                Erth           22%        2d7       6%          1
 Shock                    Conj/Air       44%        1d5       6%          1
 Poisonous Vapours        Pois/Air       28%        N/A       6%          2
 Passwall                 Tmut/Erth      9%         N/A       10%         2
 Scorch                   Fire           22%        2d6       10%         2
 Hailstorm                Conj/Ice       13%        3d5       16%         3
 Swiftness                Air            11%        N/A       19%         3
 Airstrike                Air            5%         2d(1-17)  54%         4
 Flame Wave               Conj/Fire      11%        2d6       54%         4
 Summon Cactus Giant      Summ           5%         N/A       100%        6


Dungeon Overview and Level Annotations

Branches:
Dungeon (5/15)             Temple (1/1) D:4

Altars:
Cheibriados
Fedhas
Nemelex Xobeh
Okawaru
Trog
Vehumet
Xom
Zin
The Shining One


Innate Abilities, Weirdness & Mutations

You have very sharp teeth.
Your uncanny sense of smell can sniff out nearby items.
Your experience applies equally to all skills.


Message History

A kobold comes into view.
It is wielding a +0 whip and quivering poisoned darts.
The kobold closely misses you. The kobold misses you.
The kobold hits you but does no damage. The kobold brigand barely misses you.
The kobold brigand throws a curare-tipped dart.
The curare-tipped dart barely misses you.
The kobold attacks as you move away! The kobold closely misses you.
The kobold throws a stone.
The stone closely misses you.
The kobold throws a poisoned dart.
The poisoned dart completely misses you.
Casting: Sting (safe; 4% risk of failure)
Confirm with . or Enter, or press ? or * to list all spells.
The spell is quite dangerous to miscast (26% risk of failure)!
Continue anyway?
You begin to radiate toxic energy.
The kobold is poisoned. x4
The kobold looks even sicker. x3
You kill the kobold! x2
The kobold throws a poisoned dart.
The poisoned dart closely misses you. The kobold hits you but does no damage.
You kill the kobold! x2
Your toxic aura wanes.
The kobold brigand throws a curare-tipped dart.
The curare-tipped dart hits you.
You are poisoned.
You have difficulty breathing.
You feel yourself slow down.
You feel very sick.
You feel very sick.
The kobold brigand throws a curare-tipped dart.
The curare-tipped dart closely misses you.
You barely miss the kobold brigand.
The kobold brigand is almost dead.
You feel very sick. The kobold brigand closely misses you.
You closely miss the kobold brigand.
The kobold brigand is almost dead.
You feel sick.
The kobold brigand hits you with a +2 whip of electrocution.
* * * LOW HITPOINT WARNING * * *
The kobold brigand hits you with a +2 whip of electrocution.
* * * LOW HITPOINT WARNING * * *
You are electrocuted!
You die...

# #)))†)...######
#....# # ###).....#
#....# #
##..#+############..#
#
##.#...............#
# #.......#####.##.##
#............#..#
#........##....##
#.....)#K#...###
#..).).#@#.#.#
#......#..>#.##
#..))..###.#..#
#.###### #.##.# #
#....# ###### ∆


You could see a kobold brigand (poisoned).

Vanquished Creatures
  A phantom (D:4)
  A necrophage (D:5)
  A scorpion (D:5)
  A water moccasin zombie (D:4)
  A bullfrog skeleton (D:4)
  3 scorpion zombies (D:4)
  Ijyb (D:4)
  An iguana (D:4)
  Natasha (D:2)
  6 orc wizards
  3 hound zombies (D:4)
  2 hound skeletons (D:4)
  A howler monkey zombie (D:4)
  6 adders
  3 adder skeletons (D:4)
  4 adder zombies (D:4)
  2 dart slugs
  20 orcs
  4 bats
  3 endoplasms
  10 giant cockroaches
  5 goblins
  8 hobgoblins
  10 jackals (D:2)
  5 quokkas
  5 ball pythons
  2 frilled lizards
  13 kobolds
  8 rats
131 creatures vanquished.

Vanquished Creatures (others)
  A withered plant (D:4)
1 creature vanquished.

Grand Total: 132 creatures vanquished

Notes
Turn   | Place    | Note
-------+----------+-------------------------------------------
     0 | D:1      | McGhostyFace the Gnoll Wanderer began the quest for the
                  | Orb.
     0 | D:1      | McGhostyFace set off with the following items: a +0 club, a
                  | potion of heal wounds, a +0 robe, a potion of
                  | lignification; and the following spells available to
                  | memorise: Freeze, Sting, Poisonous Vapours, Hailstorm,
                  | Olgreb's Toxic Radiance.
     0 | D:1      | Reached XP level 1. HP: 20/20 MP: 6/6
    21 | D:1      | Learned a level 1 spell: Sting
   296 | D:1      | Reached XP level 2. HP: 26/26 MP: 4/7
  1344 | D:2      | Reached skill level 5 in Spellcasting
  1344 | D:2      | Reached XP level 3. HP: 22/31 MP: 0/9
  1687 | D:2      | Reached skill level 1 in Short Blades
  1687 | D:2      | Reached skill level 1 in Long Blades
  1687 | D:2      | Reached skill level 1 in Axes
  1687 | D:2      | Reached skill level 1 in Maces & Flails
  1687 | D:2      | Reached skill level 1 in Polearms
  1687 | D:2      | Reached skill level 1 in Staves
  1687 | D:2      | Reached skill level 1 in Ranged Weapons
  1687 | D:2      | Reached skill level 1 in Throwing
  1687 | D:2      | Reached skill level 1 in Armour
  1687 | D:2      | Reached skill level 1 in Stealth
  1687 | D:2      | Reached skill level 1 in Shields
  1687 | D:2      | Reached skill level 1 in Unarmed Combat
  1877 | D:2      | Reached XP level 4. HP: 28/38 MP: 7/11
  2226 | D:2      | Reached skill level 1 in Conjurations
  2226 | D:2      | Reached skill level 1 in Hexes
  2226 | D:2      | Reached skill level 1 in Summonings
  2226 | D:2      | Reached skill level 1 in Necromancy
  2226 | D:2      | Reached skill level 1 in Translocations
  2226 | D:2      | Reached skill level 1 in Transmutations
  2226 | D:2      | Reached skill level 1 in Fire Magic
  2226 | D:2      | Reached skill level 1 in Air Magic
  2226 | D:2      | Reached skill level 1 in Earth Magic
  2282 | D:2      | Noticed Natasha
  2291 | D:2      | Killed Natasha
  2654 | D:3      | Reached XP level 5. HP: 36/43 MP: 8/12
  2710 | D:3      | Found a radiant altar of Vehumet.
  3583 | D:3      | Learned a level 4 spell: Olgreb's Toxic Radiance
  3587 | D:3      | Learned a level 3 spell: Stone Arrow
  3731 | D:4      | Found a staircase to the Ecumenical Temple.
  3745 | Temple   | Entered the Ecumenical Temple
  3768 | D:4      | Reached XP level 6. HP: 38/50 MP: 10/13
  3919 | D:4      | Noticed Ijyb
  3933 | D:4      | Killed Ijyb
  3934 | D:4      | Reached skill level 5 in Fighting
  4241 | D:4      | Reached XP level 7. HP: 45/56 MP: 12/15
  5030 | D:5      | Entered Level 5 of the Dungeon
  5287 | D:5      | Reached XP level 8. HP: 59/63 MP: 12/16
  5394 | D:5      | Slain by a kobold brigand

Illustrated notes

Levels and vault maps discovered:
D:1:      lightli_molten_gateway, layout_basic
D:2:      layout_basic, uniq_natasha
D:3:      minmay_inner_zag, layout_rooms, mainiacjoe_overflow_tiny_flanked
D:4:      layout_loops_ring, temple_pool_b, serial_undead, serial_undead_c,
          serial_undead_a, serial_undead_d, serial_undead_b, serial_undead_e,
          serial_undead_e, serial_undead_d, serial_undead_d, grunt_ministairs_3,
          uniq_ijyb
D:5:      layout_basic, eino_small_chamber_without_monster
Temple:   hellmonk_temple_micro_hex

Skill      XL: |  1  2  3  4  5  6  7 |
---------------+----------------------+-----
Ice Magic      | 2 3 |  3.3
Spellcasting   | 5 |  5.9
Short Blades   | 1 2 3 |  3.0
Long Blades    | 1 2 3 |  3.0
Axes           | 1 2 3 |  3.0
Maces & Flails | 1 2 3 |  3.0
Polearms       | 1 2 3 |  3.0
Staves         | 1 2 3 |  3.0
Ranged Weapons | 1 2 3 |  3.0
Throwing       | 1 2 3 |  3.0
Armour         | 1 2 3 |  3.0
Stealth        | 1 2 3 |  3.0
Shields        | 1 2 3 |  3.0
Unarmed Combat | 1 2 3 |  3.0
Conjurations   | 1 2 |  2.4
Hexes          | 1 2 |  2.4
Summonings     | 1 2 |  2.4
Necromancy     | 1 2 |  2.4
Translocations | 1 2 |  2.4
Transmutations | 1 2 |  2.4
Fire Magic     | 1 2 |  2.4
Air Magic      | 1 2 |  2.4
Earth Magic    | 1 2 |  2.4
Invocations    | 3 4 |  4.2
Dodging        | 3 4 |  4.0
Evocations     | 3 4 |  4.0
Poison Magic   | 4 |  4.5
Fighting       | 5 |  5.5

Action                   |  1- 3 |  4- 6 |  7- 9 || total
-------------------------+-------+-------+-------++-------
Melee: Club              |    14 |       |       ||    14
       Spear             |    38 |    11 |       ||    49
       Bite              |     4 |    11 |    10 ||    25
       Flail             |       |    14 |    48 ||    62
       Hand axe          |       |    79 |    42 ||   121
       Punch             |       |     1 |     1 ||     2
 Cast: Sting             |    54 |   107 |    15 ||   176
       Olgreb's Toxic Ra |       |       |     3 ||     3
 Stab: Sleeping          |       |     2 |       ||     2
Armor: Robe              |     8 |       |       ||     8
       Leather armour    |    20 |    43 |    24 ||    87
Dodge: Dodged            |    61 |   115 |    71 ||   247

Table legend: (Time is in decaauts)
 A = Elapsed time spent in this place.
 B = Non-inter-level travel time spent in this place.
 C = Inter-level travel time spent in this place.
 D = Time resting spent in this place.
 E = Time spent auto-exploring this place.
 F = Levels seen in this place.
 G = Mean time per level.
                   A        B        C        D        E       F      G
               +--------+--------+--------+--------+--------+-----+--------+
         Total |   5443 |   5104 |    339 |   1231 |   2877 |   6 |  907.2 |
       Dungeon |   5441 |   5102 |    339 |   1231 |   2877 |   5 | 1088.2 |
        Temple |      1 |      1 |      0 |      0 |      0 |   1 |    1.0 |
               +--------+--------+--------+--------+--------+-----+--------+

Top non-repeatable levels by time:
     D:2: 1443 daAuts
     D:4: 1429 daAuts
     D:1: 1207 daAuts
     D:3: 989 daAuts
     D:5: 371 daAuts
  Temple: 1 daAuts
